 Dungeon Crawl Stone Soup version 0.21.1-1-g345015f (webtiles) character file.

530 kae the Insei (level 7, 0/53 HPs)
             Began as a Demonspawn Transmuter on May 23, 2018.
             Was a Follower of Wu Jian.
             Succumbed to a killer bee's poison
             ... on level 4 of the Dungeon.
             The game lasted 00:03:51 (4293 turns).

kae the Insei (Demonspawn Transmuter)               Turns: 4293, Time: 00:03:52

Health: 0/53       AC:  3    Str: 10    XL:     7   Next: 3%
Magic:  0/11       EV: 12    Int: 15    God:    Wu Jian [*.....]
Gold:   159        SH:  0    Dex: 15    Spells: 11/12 levels left

rFire    . . .     SeeInvis .   h - +2 spear (pierce)
rCold    . . .     Gourm    .   (no shield)
rNeg     . . .     Faith    .   b - +0 robe
rPois    .         Spirit   +   (no helmet)
rElec    .         Reflect  .   (no cloak)
rCorr    .         Harm     .   (no gloves)
MR       .....                  (no boots)
Stlth    +.........             (no amulet)
HPRegen  0.17/turn              (no ring)
MPRegen  0.12/turn              (no ring)

@: lethally poisoned (0 -> -6)
A: claws 1, rugged brown scales 1, demonic guardian 1, magic shield
a: Renounce Religion


You were on level 4 of the Dungeon.
You worshipped Wu Jian.
Wu Jian was aware of your devotion.
You were very hungry.

You visited 1 branch of the dungeon, and saw 4 of its levels.

You collected 159 gold pieces.

Inventory:

Hand Weapons
 h - a +2 spear of piercing (weapon)
Missiles
 a - 12 arrows
Armour
 b - a +0 robe (worn)
Wands
 p - a wand of disintegration (13)
Scrolls
 i - 2 scrolls of fog {unknown}
 k - 4 scrolls of remove curse
Potions
 e - a potion of might
 f - a potion of agility
 g - a potion of curing
 j - a potion of invisibility {unknown}
 l - 2 potions of flight {unknown}
 m - 3 potions of cancellation {unknown}
Books
 c - a book of Changes

   Spells                             Type                      Level
   a - Beastly Appendage              Transmutation                1
   b - Sticks to Snakes               Transmutation                2
   c - Spider Form                    Transmutation/Poison         3
   d - Ice Form                       Ice/Transmutation            4
   e - Blade Hands                    Transmutation                5
Comestibles
 d - 6 rations


   Skills:
 + Level 3.0 Fighting
 - Level 1.7 Dodging
 * Level 4.8 Unarmed Combat
 + Level 3.2 Spellcasting
 * Level 4.2 Transmutations


You had 11 spell levels left.
You knew the following spells:

 Your Spells              Type           Power        Failure   Level  Hunger
a - Beastly Appendage     Tmut           ###...       3%          1    #......


Dungeon Overview and Level Annotations

Branches:
Dungeon (4/15)
 Temple: D:4-7

Altars:
Fedhas
Sif Muna
Trog
Wu Jian
Yredelemnul

Annotations:
D:4 exclusion: ogre


Innate Abilities, Weirdness & Mutations

You have sharp fingernails.
You are partially covered in rugged brown scales. (AC +1, +3% HP)
A weak demonic guardian rushes to your aid.
When hurt, damage is shared between your health and your magic reserves.


Message History

Your quasit barely misses the killer bee.
Your quasit closely misses the killer bee.
Your quasit misses the killer bee.
Your quasit barely misses the killer bee.
Your quasit claws the killer bee.
Your quasit closely misses the killer bee.
Your quasit barely misses the killer bee.
Your quasit claws the killer bee but does no damage.
The killer bee misses your quasit. The killer bee stings you!
* * * LOW HITPOINT WARNING * * *
The killer bee completely misses your quasit.
The killer bee barely misses you. The killer bee stings you.
* * * LOW HITPOINT WARNING * * *
You are poisoned.
The killer bee poisons you!
You feel sick. Something stings your quasit.
You feel sick. Something closely misses your quasit. The killer bee stings you!
* * * LOW HITPOINT WARNING * * *
You die...

##.## #..####....###.
#.#.###
##.#.....#....5
####..##
##.....####.y#..
##..###.....## #.y###
###........# #.5#
##.......## #.##
##..y.5y..## #y.# #
##...y###.y.###5.###
###..@### ###..#......
####.....# #.....##..
#.#......# ##....####.
#.#..#...>### ##.....#
#.
###...####..###......#
#. ##.##
##....###...## #. #.##
##..## ##...# #. ##.#
##..# ##..###. #.##
##...## ##..#..


You could see 3 killer bees and a friendly quasit.

Vanquished Creatures
  An ogre (D:4)
  2 centaur skeletons (D:4)
  A bullfrog skeleton (D:2)
  Jessica (D:3)
  2 iguanas (D:4)
  2 worker ants (D:4)
  Robin (D:4)
  3 gnolls (D:4)
  6 adders
  An ooze (D:1)
  An adder skeleton (D:4)
  2 worms
  5 leopard geckos
  An orc (D:3)
  A giant cockroach (D:3)
  15 goblins
  10 hobgoblins
  3 jackals (D:2)
  5 kobolds
  A quokka (D:3)
  6 ball pythons (D:3)
  6 bats
  2 frilled lizards
  6 rats
  A spectral orc (D:3)
85 creatures vanquished.

Vanquished Creatures (collateral kills)
  An ogre (D:4)
  A hound (D:4)
2 creatures vanquished.

Grand Total: 87 creatures vanquished

Notes
Turn   | Place    | Note
-------+----------+-------------------------------------------
     0 | D:1      | kae the Demonspawn Transmuter began the quest for the Orb.
     0 | D:1      | Reached XP level 1. HP: 15/15 MP: 3/3
   341 | D:1      | Gained mutation: You have sharp fingernails. [demonic ancestry]
   341 | D:1      | Reached XP level 2. HP: 21/21 MP: 3/5
  1071 | D:2      | Gained mutation: When hurt, damage is shared between your health and your magic reserves. [demonic ancestry]
  1071 | D:2      | Reached XP level 3. HP: 26/26 MP: 4/6
  1389 | D:2      | Gained mutation: You are partially covered in rugged brown scales. (AC +1, +3% HP) [demonic ancestry]
  1389 | D:2      | Reached XP level 4. HP: 27/33 MP: 7/7
  1496 | D:2      | Found an ornate altar of the Wu Jian Council.
  1512 | D:2      | Became a worshipper of the Wu Jian Council
  1947 | D:3      | Found a deep blue altar of Sif Muna.
  1947 | D:3      | Found a bloodstained altar of Trog.
  2125 | D:3      | Noticed Jessica
  2131 | D:3      | Killed Jessica
  2158 | D:3      | Gained mutation: A weak demonic guardian rushes to your aid. [demonic ancestry]
  2158 | D:3      | Reached XP level 5. HP: 32/39 MP: 4/8
  2331 | D:3      | Found a basalt altar of Yredelemnul.
  2565 | D:3      | Reached * piety under Wu Jian
  2783 | D:4      | Noticed an ogre
  3083 | D:4      | Reached XP level 6. HP: 25/47 MP: 4/10
  3158 | D:4      | Noticed Robin
  3179 | D:4      | Killed Robin
  3554 | D:4      | Found a blossoming altar of Fedhas.
  4020 | D:4      | Reached XP level 7. HP: 42/53 MP: 7/11
  4260 | D:4      | HP: 1/53 [killer bee (3)]
  4292 | D:4      | HP: 1/53 [killer bee (7)]
  4293 | D:4      | Succumbed to a killer bee's poison

Skill      XL: |  1  2  3  4  5  6 |
---------------+-------------------+-----
Transmutations | 2 3 4 |  4.2
Unarmed Combat | 3 4 |  4.8
Fighting       | 2 3 |  3.0
Spellcasting   | 3 |  3.2
Dodging        | |  1.7

Action                   |  1- 3 |  4- 6 |  7- 9 || total
-------------------------+-------+-------+-------++-------
Melee: Spear             |    65 |   210 |     5 ||   280
       Unarmed           |     7 |       |       ||     7
       Kick              |     5 |     3 |       ||     8
       Headbutt          |     1 |     7 |       ||     8
       Punch             |       |     3 |       ||     3
 Cast: Beastly Appendage |     7 |    11 |     1 ||    19
Invok: Lunge             |       |       |     1 ||     1
       Whirlwind         |       |       |     1 ||     1
  Use: Scroll            |     3 |     3 |     2 ||     8
       Potion            |       |     1 |     2 ||     3
 Stab: Sleeping          |       |     7 |       ||     7
       Distracted        |       |     1 |       ||     1
  Eat: Chunk             |     1 |     9 |       ||    10
Armor: Robe              |    13 |    23 |     1 ||    37
Dodge: Dodged            |    35 |   112 |     9 ||   156
